Flyers vs Panthers

Created - January 10 2011 at 17:12

Goals
1 2 3 T
Flyers 0 1 0 1
Panthers 0 1 1 2
Shots
1 2 3 T
Flyers 5 8 6 19
Panthers 16 13 13 42

Period #1

No Goal

Penalties :
John Madden (PHI) for Hooking (Minor) at 4:02, Anze Kopitar (FLA) for Tripping (Minor) at 4:06, Justin Williams (PHI) for Hooking (Minor) at 8:26, Rob Blake (PHI) for Tripping (Minor) at 11:40, Alexandre Picard (PHI) for Holding (Minor) at 13:42, Chris Pronger (PHI) for Slashing (Minor) at 16:19, Ladislav Smid (PHI) for Goalie Interference (Minor) at 18:20

Period #2

1. Panthers , Chad Larose 6 (Pierre-Marc Bouchard, Jaroslav Spacek) at 3:42
2. Flyers , John Madden 11 (Niklas Hagman, Kevin Bieksa) at 10:23 (SH)

Penalties :
Justin Williams (PHI) for Holding (Minor) at 1:26, Andrej Sekera (PHI) for Tripping (Minor) at 9:07, Stephane Robidas (FLA) for Roughing (Minor) at 15:52, Alexei Ponikarovsky (FLA) for Interference (Minor) at 18:34

Period #3

3. Panthers , Mikael Samuelsson 18 (Stephane Robidas) at 13:56

Penalties :
Jaroslav Spacek (FLA) for Elbowing (Minor) at 1:34, Ladislav Smid (PHI) for Hooking (Minor) at 9:23, Rob Blake (PHI) for Holding Stick (Minor) at 15:37

Goalie Stats

Vesa Toskala (PHI), 40 saves from 42 shots - (0.952), L, 0-2-0, 59:00 minutes
Niklas Backstrom (FLA), 18 saves from 19 shots - (0.947), W, 19-10-2, 60:00 minutes

Players Stats

Flyers
Player Name              G  A  P  +/- PIM S  H  SB FO    MP 
------------------------------------------------------------
Alexandre Picard         0  0  0  -1  2   0  4  0  0/0   15 
Andrei Markov            0  0  0  -1  0   1  0  2  0/0   20 
Andrej Sekera            0  0  0   0  2   0  0  0  0/0   5  
Brendan Morrison         0  0  0  -1  0   0  0  0  6/17  17 
Chris Pronger            0  0  0  -1  2   2  2  0  0/0   23 
Glen Metropolit          0  0  0   0  0   1  0  1  5/11  5  
Jochen Hecht             0  0  0  -1  0   1  1  1  1/2   20 
John Madden              1  0  1   1  2   2  0  0  14/23 20 
Justin Williams          0  0  0  -1  4   0  2  0  1/2   10 
Kevin Bieksa             0  1  1   1  0   0  5  1  0/0   21 
Kyle Brodziak            0  0  0   0  0   1  0  0  0/0   4  
Ladislav Smid            0  0  0  -1  4   0  3  0  0/0   17 
Lee Stempniak            0  0  0  -1  0   4  1  0  1/1   14 
Niklas Hagman            0  1  1   1  0   4  3  0  0/3   21 
Radim Vrbata             0  0  0   0  0   0  0  0  1/1   13 
Rob Blake                0  0  0   1  4   0  2  2  0/0   20 
Rostislav Klesla         0  0  0  -1  0   0  0  1  0/0   14 
Tim Connolly             0  0  0  -1  0   3  0  0  16/38 23 
Panthers
Player Name              G  A  P  +/- PIM S  H  SB FO    MP 
------------------------------------------------------------
Alexei Ponikarovsky      0  0  0  -1  2   4  7  1  2/2   17 
Andrew Brunette          0  0  0   1  0   5  0  0  1/1   20 
Anze Kopitar             0  0  0   1  2   2  3  0  20/32 19 
Brad Stuart              0  0  0   1  0   3  2  1  0/0   20 
Brian Rafalski           0  0  0  -1  0   2  0  2  0/0   22 
Chad Larose              1  0  1   1  0   2  4  0  0/0   14 
Craig Rivet              0  0  0   1  0   1  0  1  0/0   15 
Curtis Glencross         0  0  0   0  0   2  1  0  0/0   8  
Frans Nielsen            0  0  0   1  0   1  0  0  11/20 16 
Jaroslav Spacek          0  1  1   0  2   2  0  1  0/0   20 
Marc-Andre Bergeron      0  0  0   0  0   3  1  0  0/0   20 
Mathieu Darche           0  0  0   0  0   0  0  0  0/0   1  
Maxim Afinogenov         0  0  0  -1  0   4  0  0  0/3   18 
Mikael Samuelsson        1  0  1   1  0   7  1  0  0/1   21 
Pierre-Marc Bouchard     0  1  1   1  0   1  0  0  0/1   12 
Rich Peverley            0  0  0  -1  0   1  0  0  15/28 20 
Ryan Potulny             0  0  0   0  0   2  0  0  4/10  8  
Stephane Robidas         0  1  1   1  2   0  1  2  0/0   22 

3 Stars

1 - Chad Larose (FLA)
2 - Vesa Toskala (PHI)
3 - Kevin Bieksa (PHI)

Power Play

Flyers - 0 on 4 Attempt(s) - 0.00%
Panthers - 0 on 10 Attempt(s) - 0.00%

Penalty Kill

Flyers - 10 on 10 Attempt(s) - 100.00% - Score 1 goal in Penalty Kill
Panthers - 4 on 4 Attempt(s) - 100.00% - Score 0 goal in Penalty Kill

Game Notes

No Game Note

Finance

Level 1 -- Attendance: 6000 (100.00%) -- Ticket Income $528,000.00
Level 2 -- Attendance: 4978 (99.56%) -- Ticket Income $189,164.00
Level 3 -- Attendance: 3500 (100.00%) -- Ticket Income $98,000.00
Level 4 -- Attendance: 2714 (72.37%) -- Ticket Income $48,852.00
Luxury Box -- Attendance: 1000 (100.00%) -- Ticket Income $188,000.00
Game was played at the BankAtlantic Center
Total Attendance: 18192 (94.50%)
Total Ticket Income: $1,126,550.00
Other Income: $202,431.30
Total Income: $1,328,981.00


Play by Play

Period #1

0:01 of 1st period - Anze Kopitar wins face-off versus Tim Connolly in neutral zone.
0:07 of 1st period - Mikael Samuelsson is hit by Chris Pronger and loses puck.
0:45 of 1st period - Shot by Anze Kopitar.
0:45 of 1st period - Shot Misses the Net.
1:24 of 1st period - Off-side.
1:25 of 1st period - Brendan Morrison wins face-off versus Pierre-Marc Bouchard in neutral zone.
1:38 of 1st period - Icing by Lee Stempniak.
1:39 of 1st period - Frans Nielsen wins face-off versus Brendan Morrison in Flyers zone.
2:50 of 1st period - Shot by Mikael Samuelsson.
2:50 of 1st period - Stopped by Vesa Toskala with a rebound.
4:02 of 1st period - Minor Penalty to John Madden for Hooking.
4:03 of 1st period - Glen Metropolit wins face-off versus Anze Kopitar in Flyers zone.
4:03 of 1st period - Glen Metropolit is hit by Anze Kopitar.
4:06 of 1st period - Minor Penalty to Anze Kopitar for Tripping.
4:07 of 1st period - Ryan Potulny wins face-off versus Niklas Hagman in Panthers zone.
4:19 of 1st period - Shot by Niklas Hagman.
4:19 of 1st period - Shot Misses the Net.
4:23 of 1st period - Shot by Glen Metropolit.
4:23 of 1st period - Shot Misses the Net.
4:25 of 1st period - Shot by Kevin Bieksa.
4:25 of 1st period - Shot Misses the Net.
4:29 of 1st period - Shot by Glen Metropolit.
4:29 of 1st period - Stopped by Niklas Backstrom without a rebound.
4:30 of 1st period - Glen Metropolit wins face-off versus Frans Nielsen in Panthers zone.
4:47 of 1st period - Shot by Frans Nielsen.
4:47 of 1st period - Stopped by Vesa Toskala without a rebound.
4:48 of 1st period - Tim Connolly wins face-off versus Rich Peverley in Flyers zone.
5:09 of 1st period - Shot by Tim Connolly.
5:09 of 1st period - Stopped by Niklas Backstrom without a rebound.
5:10 of 1st period - Ryan Potulny wins face-off versus Brendan Morrison in Panthers zone.
5:10 of 1st period - Ryan Potulny is hit by Niklas Hagman.
5:34 of 1st period - Shot by Maxim Afinogenov.
5:34 of 1st period - Stopped by Vesa Toskala without a rebound.
5:35 of 1st period - Rich Peverley wins face-off versus Tim Connolly in Flyers zone.
6:01 of 1st period - Icing by Andrei Markov.
6:02 of 1st period - John Madden wins face-off versus Frans Nielsen in Flyers zone.
6:25 of 1st period - Shot by Ryan Potulny.
6:25 of 1st period - Deflect By Curtis Glencross.
6:25 of 1st period - Stopped by Vesa Toskala with a rebound.
6:27 of 1st period - Shot by Curtis Glencross.
6:27 of 1st period - Stopped by Vesa Toskala with a rebound.
6:51 of 1st period - Shot by Pierre-Marc Bouchard.
6:51 of 1st period - Deflect By Frans Nielsen.
6:51 of 1st period - Shot Blocked by Rostislav Klesla.
6:56 of 1st period - Shot by Pierre-Marc Bouchard.
6:56 of 1st period - Shot Misses the Net.
6:58 of 1st period - Shot by Craig Rivet.
6:58 of 1st period - Stopped by Vesa Toskala without a rebound.
6:59 of 1st period - John Madden wins face-off versus Anze Kopitar in Flyers zone.
7:05 of 1st period - Rob Blake is hit by Stephane Robidas and loses puck.
8:12 of 1st period - John Madden is hit by Alexei Ponikarovsky and loses puck.
8:26 of 1st period - Minor Penalty to Justin Williams for Hooking.
8:27 of 1st period - Rich Peverley wins face-off versus Tim Connolly in Flyers zone.
8:46 of 1st period - Shot by Maxim Afinogenov.
8:46 of 1st period - Deflect By Alexei Ponikarovsky.
8:46 of 1st period - Shot Misses the Net.
9:22 of 1st period - Shot by Andrew Brunette.
9:22 of 1st period - Stopped by Vesa Toskala with a rebound.
10:09 of 1st period - Shot by Brad Stuart.
10:09 of 1st period - Shot Hit the Post.
10:11 of 1st period - Shot by Brad Stuart.
10:11 of 1st period - Stopped by Vesa Toskala with a rebound.
10:13 of 1st period - Shot by Brad Stuart.
10:13 of 1st period - Stopped by Vesa Toskala without a rebound.
10:14 of 1st period - John Madden wins face-off versus Anze Kopitar in Flyers zone.
10:20 of 1st period - Icing by Andrew Brunette.
10:21 of 1st period - Anze Kopitar wins face-off versus Tim Connolly in Panthers zone.
10:46 of 1st period - Shot by Chad Larose.
10:46 of 1st period - Shot Misses the Net.
10:54 of 1st period - Rostislav Klesla is hit by Chad Larose and loses puck.
11:18 of 1st period - Shot by Maxim Afinogenov.
11:18 of 1st period - Stopped by Vesa Toskala without a rebound.
11:19 of 1st period - John Madden wins face-off versus Anze Kopitar in Flyers zone.
11:19 of 1st period - John Madden is hit by Mikael Samuelsson.
11:40 of 1st period - Minor Penalty to Rob Blake for Tripping.
11:41 of 1st period - Jochen Hecht wins face-off versus Rich Peverley in Flyers zone.
11:41 of 1st period - Jochen Hecht is hit by Alexei Ponikarovsky.
11:50 of 1st period - Icing by Jaroslav Spacek.
11:51 of 1st period - Alexei Ponikarovsky wins face-off versus Tim Connolly in Panthers zone.
12:32 of 1st period - Icing by Marc-Andre Bergeron.
12:33 of 1st period - John Madden wins face-off versus Anze Kopitar in Panthers zone.
12:40 of 1st period - Shot by Niklas Hagman.
12:40 of 1st period - Stopped by Niklas Backstrom without a rebound.
12:41 of 1st period - John Madden wins face-off versus Anze Kopitar in Panthers zone.
12:44 of 1st period - Shot by Niklas Hagman.
12:44 of 1st period - Stopped by Niklas Backstrom without a rebound.
12:45 of 1st period - Anze Kopitar wins face-off versus John Madden in Panthers zone.
12:45 of 1st period - Anze Kopitar is hit by Kevin Bieksa.
13:34 of 1st period - Icing by Brian Rafalski.
13:35 of 1st period - Tim Connolly wins face-off versus Rich Peverley in Panthers zone.
13:36 of 1st period - Shot by Chris Pronger.
13:36 of 1st period - Shot Blocked by Brian Rafalski.
13:40 of 1st period - Shot by Chris Pronger.
13:40 of 1st period - Stopped by Niklas Backstrom without a rebound.
13:41 of 1st period - Frans Nielsen wins face-off versus Brendan Morrison in Panthers zone.
13:41 of 1st period - Frans Nielsen is hit by Alexandre Picard.
13:42 of 1st period - Minor Penalty to Alexandre Picard for Holding.
13:43 of 1st period - Rich Peverley wins face-off versus Tim Connolly in Flyers zone.
14:08 of 1st period - Shot by Brian Rafalski.
14:08 of 1st period - Stopped by Vesa Toskala without a rebound.
14:09 of 1st period - Tim Connolly wins face-off versus Anze Kopitar in Flyers zone.
14:30 of 1st period - Shot by Anze Kopitar.
14:30 of 1st period - Stopped by Vesa Toskala without a rebound.
14:31 of 1st period - Rich Peverley wins face-off versus Tim Connolly in Flyers zone.
14:34 of 1st period - Shot by Alexei Ponikarovsky.
14:34 of 1st period - Stopped by Vesa Toskala without a rebound.
14:35 of 1st period - John Madden wins face-off versus Rich Peverley in Flyers zone.
14:35 of 1st period - John Madden is hit by Alexei Ponikarovsky.
15:14 of 1st period - Mikael Samuelsson is hit by Kevin Bieksa and loses puck.
15:33 of 1st period - Shot by Marc-Andre Bergeron.
15:33 of 1st period - Stopped by Vesa Toskala without a rebound.
15:34 of 1st period - Anze Kopitar wins face-off versus Tim Connolly in Flyers zone.
15:50 of 1st period - Icing by Craig Rivet.
15:51 of 1st period - Glen Metropolit wins face-off versus Frans Nielsen in Panthers zone.
15:51 of 1st period - Glen Metropolit is hit by Brad Stuart.
16:19 of 1st period - Minor Penalty to Chris Pronger for Slashing.
16:20 of 1st period - Tim Connolly wins face-off versus Rich Peverley in Flyers zone.
16:39 of 1st period - Shot by Rich Peverley.
16:39 of 1st period - Shot Blocked by Rob Blake.
16:41 of 1st period - Shot by Alexei Ponikarovsky.
16:41 of 1st period - Stopped by Vesa Toskala without a rebound.
16:42 of 1st period - Brendan Morrison wins face-off versus Anze Kopitar in Flyers zone.
16:59 of 1st period - Shot by Anze Kopitar.
16:59 of 1st period - Shot Blocked by Kevin Bieksa.
17:01 of 1st period - Shot by Stephane Robidas.
17:01 of 1st period - Shot Blocked by Rob Blake.
17:03 of 1st period - Shot by Marc-Andre Bergeron.
17:03 of 1st period - Stopped by Vesa Toskala without a rebound.
17:04 of 1st period - Tim Connolly wins face-off versus Maxim Afinogenov in Flyers zone.
17:04 of 1st period - Tim Connolly is hit by Alexei Ponikarovsky.
18:20 of 1st period - Minor Penalty to Ladislav Smid for Goalie Interference.
18:21 of 1st period - Rich Peverley wins face-off versus Tim Connolly in Flyers zone.
18:41 of 1st period - Maxim Afinogenov is hit by Chris Pronger and loses puck.
19:01 of 1st period - Icing by Stephane Robidas.
19:02 of 1st period - Anze Kopitar wins face-off versus John Madden in Panthers zone.
19:10 of 1st period - Icing by Stephane Robidas.
19:11 of 1st period - John Madden wins face-off versus Anze Kopitar in Panthers zone.

Period #2

0:01 of 2nd period - Anze Kopitar wins face-off versus Tim Connolly in neutral zone.
0:04 of 2nd period - Shot by Stephane Robidas.
0:04 of 2nd period - Shot Misses the Net.
0:06 of 2nd period - Shot by Mikael Samuelsson.
0:06 of 2nd period - Shot Blocked by Jochen Hecht.
0:08 of 2nd period - Shot by Stephane Robidas.
0:08 of 2nd period - Shot Blocked by Andrei Markov.
0:12 of 2nd period - Shot by Marc-Andre Bergeron.
0:12 of 2nd period - Stopped by Vesa Toskala without a rebound.
0:13 of 2nd period - Rich Peverley wins face-off versus John Madden in Flyers zone.
0:45 of 2nd period - Chad Larose is hit by Ladislav Smid and loses puck.
0:54 of 2nd period - Brendan Morrison is hit by Chad Larose and loses puck.
1:08 of 2nd period - Craig Rivet is hit by Alexandre Picard and loses puck.
1:26 of 2nd period - Minor Penalty to Justin Williams for Holding.
1:27 of 2nd period - Anze Kopitar wins face-off versus Tim Connolly in Flyers zone.
1:34 of 2nd period - Shot by Stephane Robidas.
1:34 of 2nd period - Shot Misses the Net.
1:36 of 2nd period - Shot by Mikael Samuelsson.
1:36 of 2nd period - Shot Misses the Net.
1:38 of 2nd period - Shot by Mikael Samuelsson.
1:38 of 2nd period - Stopped by Vesa Toskala without a rebound.
1:39 of 2nd period - John Madden wins face-off versus Anze Kopitar in Flyers zone.
2:32 of 2nd period - John Madden is hit by Alexei Ponikarovsky and loses puck.
2:44 of 2nd period - Icing by Rich Peverley.
2:45 of 2nd period - Tim Connolly wins face-off versus Rich Peverley in Panthers zone.
3:26 of 2nd period - Maxim Afinogenov is hit by Ladislav Smid and loses puck.
3:34 of 2nd period - Frans Nielsen is hit by Ladislav Smid.
3:40 of 2nd period - Shot by Pierre-Marc Bouchard.
3:40 of 2nd period - Shot Misses the Net.
3:42 of 2nd period - Shot by Chad Larose.
3:42 of 2nd period - Goal by Chad Larose - Flyers : 0 - Panthers : 1.
3:43 of 2nd period - Glen Metropolit wins face-off versus Anze Kopitar in neutral zone.
4:34 of 2nd period - Shot by Lee Stempniak.
4:34 of 2nd period - Shot Blocked by Stephane Robidas.
4:53 of 2nd period - Shot by Craig Rivet.
4:53 of 2nd period - Shot Misses the Net.
4:55 of 2nd period - Shot by Chad Larose.
4:55 of 2nd period - Shot Misses the Net.
4:57 of 2nd period - Shot by Pierre-Marc Bouchard.
4:57 of 2nd period - Stopped by Vesa Toskala without a rebound.
4:58 of 2nd period - John Madden wins face-off versus Frans Nielsen in Flyers zone.
4:58 of 2nd period - John Madden is hit by Chad Larose.
5:06 of 2nd period - Shot by John Madden.
5:06 of 2nd period - Stopped by Niklas Backstrom with a rebound.
5:25 of 2nd period - Icing by Rob Blake.
5:26 of 2nd period - John Madden wins face-off versus Ryan Potulny in Flyers zone.
6:38 of 2nd period - Icing by Rostislav Klesla.
6:39 of 2nd period - Anze Kopitar wins face-off versus Brendan Morrison in Flyers zone.
6:48 of 2nd period - Shot by Anze Kopitar.
6:48 of 2nd period - Stopped by Vesa Toskala with a rebound.
7:06 of 2nd period - Shot by Andrew Brunette.
7:06 of 2nd period - Stopped by Vesa Toskala without a rebound.
7:07 of 2nd period - Rich Peverley wins face-off versus Tim Connolly in Flyers zone.
7:25 of 2nd period - Shot by Maxim Afinogenov.
7:25 of 2nd period - Stopped by Vesa Toskala without a rebound.
7:26 of 2nd period - John Madden wins face-off versus Frans Nielsen in Flyers zone.
8:20 of 2nd period - Shot by Anze Kopitar.
8:20 of 2nd period - Shot Misses the Net.
8:22 of 2nd period - Shot by Mikael Samuelsson.
8:22 of 2nd period - Stopped by Vesa Toskala with a rebound.
8:24 of 2nd period - Shot by Mikael Samuelsson.
8:24 of 2nd period - Stopped by Vesa Toskala without a rebound.
8:25 of 2nd period - Tim Connolly wins face-off versus Rich Peverley in Flyers zone.
8:54 of 2nd period - Off-side.
8:55 of 2nd period - Anze Kopitar wins face-off versus Glen Metropolit in neutral zone.
9:07 of 2nd period - Minor Penalty to Andrej Sekera for Tripping.
9:08 of 2nd period - Anze Kopitar wins face-off versus Tim Connolly in Flyers zone.
9:44 of 2nd period - Andrew Brunette is hit by Kevin Bieksa and loses puck.
9:59 of 2nd period - Rob Blake is hit by Alexei Ponikarovsky and loses puck.
10:04 of 2nd period - Shot by Rich Peverley.
10:04 of 2nd period - Shot Misses the Net.
10:06 of 2nd period - Shot by Jaroslav Spacek.
10:06 of 2nd period - Stopped by Vesa Toskala without a rebound.
10:07 of 2nd period - Brendan Morrison wins face-off versus Rich Peverley in Flyers zone.
10:13 of 2nd period - Icing by Jaroslav Spacek.
10:14 of 2nd period - John Madden wins face-off versus Rich Peverley in Panthers zone.
10:23 of 2nd period - Shot by John Madden.
10:23 of 2nd period - Goal by John Madden - Flyers : 1 - Panthers : 1.
10:24 of 2nd period - Alexei Ponikarovsky wins face-off versus Tim Connolly in neutral zone.
10:29 of 2nd period - Shot by Brian Rafalski.
10:29 of 2nd period - Stopped by Vesa Toskala without a rebound.
10:30 of 2nd period - Tim Connolly wins face-off versus Anze Kopitar in Flyers zone.
11:22 of 2nd period - Shot by Frans Nielsen.
11:22 of 2nd period - Shot Misses the Net.
11:24 of 2nd period - Shot by Jaroslav Spacek.
11:24 of 2nd period - Stopped by Vesa Toskala without a rebound.
11:25 of 2nd period - Glen Metropolit wins face-off versus Ryan Potulny in Flyers zone.
11:41 of 2nd period - Off-side.
11:42 of 2nd period - Brendan Morrison wins face-off versus Frans Nielsen in neutral zone.
11:51 of 2nd period - Shot by Lee Stempniak.
11:51 of 2nd period - Stopped by Niklas Backstrom without a rebound.
11:52 of 2nd period - Tim Connolly wins face-off versus Maxim Afinogenov in Panthers zone.
12:05 of 2nd period - Shot by Jochen Hecht.
12:05 of 2nd period - Stopped by Niklas Backstrom with a rebound.
12:07 of 2nd period - Shot by Tim Connolly.
12:07 of 2nd period - Stopped by Niklas Backstrom without a rebound.
12:08 of 2nd period - Brendan Morrison wins face-off versus Frans Nielsen in Panthers zone.
12:25 of 2nd period - Shot by Lee Stempniak.
12:25 of 2nd period - Shot Misses the Net.
12:29 of 2nd period - Shot by Brendan Morrison.
12:29 of 2nd period - Shot Hit the Post.
12:31 of 2nd period - Shot by Brendan Morrison.
12:31 of 2nd period - Shot Blocked by Jaroslav Spacek.
12:57 of 2nd period - Brad Stuart is hit by Alexandre Picard and loses puck.
13:17 of 2nd period - Icing by Kevin Bieksa.
13:18 of 2nd period - Rich Peverley wins face-off versus Niklas Hagman in Flyers zone.
13:25 of 2nd period - Shot by Alexei Ponikarovsky.
13:25 of 2nd period - Stopped by Vesa Toskala with a rebound.
13:41 of 2nd period - Shot by Niklas Hagman.
13:41 of 2nd period - Stopped by Niklas Backstrom without a rebound.
13:42 of 2nd period - Tim Connolly wins face-off versus Mikael Samuelsson in Panthers zone.
14:02 of 2nd period - Off-side.
14:03 of 2nd period - Frans Nielsen wins face-off versus Glen Metropolit in neutral zone.
14:27 of 2nd period - Icing by Jaroslav Spacek.
14:28 of 2nd period - Frans Nielsen wins face-off versus John Madden in Panthers zone.
15:33 of 2nd period - Shot by Rostislav Klesla.
15:33 of 2nd period - Shot Blocked by Alexei Ponikarovsky.
15:35 of 2nd period - Shot by Ladislav Smid.
15:35 of 2nd period - Shot Blocked by Brian Rafalski.
15:43 of 2nd period - Shot by Lee Stempniak.
15:43 of 2nd period - Stopped by Niklas Backstrom without a rebound.
15:44 of 2nd period - Anze Kopitar wins face-off versus Tim Connolly in Panthers zone.
15:46 of 2nd period - Andrew Brunette is hit by Justin Williams and loses puck.
15:52 of 2nd period - Minor Penalty to Stephane Robidas for Roughing.
15:53 of 2nd period - Justin Williams wins face-off versus Ryan Potulny in Panthers zone.
16:07 of 2nd period - Icing by Chris Pronger.
16:08 of 2nd period - Ryan Potulny wins face-off versus Tim Connolly in Flyers zone.
16:22 of 2nd period - Icing by Tim Connolly.
16:23 of 2nd period - Rich Peverley wins face-off versus Tim Connolly in Flyers zone.
18:08 of 2nd period - Icing by Stephane Robidas.
18:09 of 2nd period - Andrew Brunette wins face-off versus Glen Metropolit in Panthers zone.
18:19 of 2nd period - Shot by Kyle Brodziak.
18:19 of 2nd period - Shot Blocked by Stephane Robidas.
18:21 of 2nd period - Shot by Kyle Brodziak.
18:21 of 2nd period - Stopped by Niklas Backstrom without a rebound.
18:22 of 2nd period - Rich Peverley wins face-off versus Brendan Morrison in Panthers zone.
18:27 of 2nd period - Shot by Alexei Ponikarovsky.
18:27 of 2nd period - Shot Misses the Net.
18:34 of 2nd period - Minor Penalty to Alexei Ponikarovsky for Interference.
18:35 of 2nd period - Frans Nielsen wins face-off versus John Madden in Panthers zone.
18:35 of 2nd period - Frans Nielsen is hit by Niklas Hagman.
19:03 of 2nd period - Kevin Bieksa is hit by Curtis Glencross.
19:07 of 2nd period - Marc-Andre Bergeron is hit by Niklas Hagman and loses puck.

Period #3

0:01 of 3rd period - Tim Connolly wins face-off versus Frans Nielsen in neutral zone.
0:03 of 3rd period - Off-side.
0:04 of 3rd period - Tim Connolly wins face-off versus Rich Peverley in neutral zone.
0:50 of 3rd period - Shot by Niklas Hagman.
0:50 of 3rd period - Shot Misses the Net.
1:03 of 3rd period - Andrew Brunette is hit by Kevin Bieksa and loses puck.
1:10 of 3rd period - Shot by Andrew Brunette.
1:10 of 3rd period - Deflect By Mikael Samuelsson.
1:10 of 3rd period - Stopped by Vesa Toskala without a rebound.
1:11 of 3rd period - Lee Stempniak wins face-off versus Rich Peverley in Flyers zone.
1:24 of 3rd period - Shot by Lee Stempniak.
1:24 of 3rd period - Stopped by Niklas Backstrom without a rebound.
1:25 of 3rd period - Frans Nielsen wins face-off versus Glen Metropolit in Panthers zone.
1:34 of 3rd period - Minor Penalty to Jaroslav Spacek for Elbowing.
1:35 of 3rd period - Rich Peverley wins face-off versus Tim Connolly in Panthers zone.
3:23 of 3rd period - Off-side.
3:24 of 3rd period - Tim Connolly wins face-off versus Rich Peverley in neutral zone.
3:31 of 3rd period - Shot by Andrei Markov.
3:31 of 3rd period - Stopped by Niklas Backstrom without a rebound.
3:32 of 3rd period - Frans Nielsen wins face-off versus Justin Williams in Panthers zone.
3:42 of 3rd period - Lee Stempniak is hit by Brad Stuart and loses puck.
3:46 of 3rd period - Icing by Brad Stuart.
3:47 of 3rd period - Anze Kopitar wins face-off versus Glen Metropolit in Panthers zone.
4:08 of 3rd period - Shot by Andrew Brunette.
4:08 of 3rd period - Stopped by Vesa Toskala without a rebound.
4:09 of 3rd period - Rich Peverley wins face-off versus Brendan Morrison in Flyers zone.
4:32 of 3rd period - Shot by Rostislav Klesla.
4:32 of 3rd period - Shot Misses the Net.
4:45 of 3rd period - Off-side.
4:46 of 3rd period - Frans Nielsen wins face-off versus Tim Connolly in neutral zone.
4:46 of 3rd period - Frans Nielsen is hit by Justin Williams.
5:15 of 3rd period - Shot by Andrei Markov.
5:15 of 3rd period - Shot Blocked by Craig Rivet.
5:17 of 3rd period - Shot by Chris Pronger.
5:17 of 3rd period - Shot Misses the Net.
5:19 of 3rd period - Shot by Tim Connolly.
5:19 of 3rd period - Shot Misses the Net.
5:21 of 3rd period - Shot by Chris Pronger.
5:21 of 3rd period - Stopped by Niklas Backstrom without a rebound.
5:22 of 3rd period - Anze Kopitar wins face-off versus John Madden in Panthers zone.
6:36 of 3rd period - Icing by Rostislav Klesla.
6:37 of 3rd period - Frans Nielsen wins face-off versus Brendan Morrison in Flyers zone.
7:04 of 3rd period - Frans Nielsen is hit by Lee Stempniak and loses puck.
7:12 of 3rd period - Icing by Craig Rivet.
7:13 of 3rd period - Tim Connolly wins face-off versus Frans Nielsen in Panthers zone.
8:03 of 3rd period - Andrei Markov is hit by Marc-Andre Bergeron and loses puck.
8:25 of 3rd period - Alexei Ponikarovsky is hit by Rob Blake and loses puck.
8:31 of 3rd period - Niklas Hagman is hit by Alexei Ponikarovsky and loses puck.
8:43 of 3rd period - Shot by Niklas Hagman.
8:43 of 3rd period - Stopped by Niklas Backstrom without a rebound.
8:44 of 3rd period - Anze Kopitar wins face-off versus Brendan Morrison in Panthers zone.
8:44 of 3rd period - Anze Kopitar is hit by Alexandre Picard.
8:50 of 3rd period - Shot by Andrew Brunette.
8:50 of 3rd period - Stopped by Vesa Toskala without a rebound.
8:51 of 3rd period - Anze Kopitar wins face-off versus Tim Connolly in Flyers zone.
8:57 of 3rd period - Shot by Andrew Brunette.
8:57 of 3rd period - Shot Blocked by Glen Metropolit.
9:01 of 3rd period - Shot by Mikael Samuelsson.
9:01 of 3rd period - Stopped by Vesa Toskala without a rebound.
9:02 of 3rd period - Ryan Potulny wins face-off versus Brendan Morrison in Flyers zone.
9:07 of 3rd period - Shot by Ryan Potulny.
9:07 of 3rd period - Stopped by Vesa Toskala with a rebound.
9:09 of 3rd period - Shot by Ryan Potulny.
9:09 of 3rd period - Stopped by Vesa Toskala with a rebound.
9:23 of 3rd period - Minor Penalty to Ladislav Smid for Hooking.
9:24 of 3rd period - Anze Kopitar wins face-off versus John Madden in Flyers zone.
9:55 of 3rd period - Shot by Anze Kopitar.
9:55 of 3rd period - Shot Misses the Net.
10:09 of 3rd period - Shot by Maxim Afinogenov.
10:09 of 3rd period - Stopped by Vesa Toskala without a rebound.
10:10 of 3rd period - Tim Connolly wins face-off versus Maxim Afinogenov in Flyers zone.
10:21 of 3rd period - Shot by Jaroslav Spacek.
10:21 of 3rd period - Shot Hit the Post.
10:31 of 3rd period - Shot by Maxim Afinogenov.
10:31 of 3rd period - Deflect By Rich Peverley.
10:31 of 3rd period - Stopped by Vesa Toskala without a rebound.
10:32 of 3rd period - Anze Kopitar wins face-off versus Tim Connolly in Flyers zone.
10:35 of 3rd period - Shot by Andrew Brunette.
10:35 of 3rd period - Stopped by Vesa Toskala without a rebound.
10:36 of 3rd period - Rich Peverley wins face-off versus Jochen Hecht in Flyers zone.
10:52 of 3rd period - Icing by Brian Rafalski.
10:53 of 3rd period - John Madden wins face-off versus Rich Peverley in Panthers zone.
11:18 of 3rd period - Andrew Brunette is hit by Jochen Hecht and loses puck.
11:50 of 3rd period - Shot by Lee Stempniak.
11:50 of 3rd period - Stopped by Niklas Backstrom with a rebound.
11:54 of 3rd period - Shot by Lee Stempniak.
11:54 of 3rd period - Shot Misses the Net.
12:30 of 3rd period - Rob Blake is hit by Chad Larose and loses puck.
12:36 of 3rd period - Pierre-Marc Bouchard is hit by Rob Blake and loses puck.
12:42 of 3rd period - Pierre-Marc Bouchard is hit by Kevin Bieksa and loses puck.
12:52 of 3rd period - Icing by Rob Blake.
12:53 of 3rd period - Rich Peverley wins face-off versus John Madden in Flyers zone.
13:56 of 3rd period - Shot by Mikael Samuelsson.
13:56 of 3rd period - Goal by Mikael Samuelsson - Flyers : 1 - Panthers : 2.
13:57 of 3rd period - Frans Nielsen wins face-off versus Glen Metropolit in neutral zone.
14:00 of 3rd period - Shot by Jaroslav Spacek.
14:00 of 3rd period - Shot Misses the Net.
14:04 of 3rd period - Shot by Pierre-Marc Bouchard.
14:04 of 3rd period - Shot Misses the Net.
14:25 of 3rd period - Shot by Chad Larose.
14:25 of 3rd period - Stopped by Vesa Toskala without a rebound.
14:26 of 3rd period - Anze Kopitar wins face-off versus Brendan Morrison in Flyers zone.
14:31 of 3rd period - Icing by Ladislav Smid.
14:32 of 3rd period - Anze Kopitar wins face-off versus Brendan Morrison in Flyers zone.
15:16 of 3rd period - Icing by Brad Stuart.
15:17 of 3rd period - Anze Kopitar wins face-off versus Niklas Hagman in Panthers zone.
15:37 of 3rd period - Minor Penalty to Rob Blake for Holding Stick.
15:38 of 3rd period - Rich Peverley wins face-off versus Tim Connolly in Flyers zone.
15:49 of 3rd period - Shot by Brian Rafalski.
15:49 of 3rd period - Shot Blocked by Andrei Markov.
16:34 of 3rd period - Andrei Markov is hit by Anze Kopitar.
17:14 of 3rd period - Off-side.
17:15 of 3rd period - Frans Nielsen wins face-off versus John Madden in neutral zone.
17:42 of 3rd period - Shot by Alexei Ponikarovsky.
17:42 of 3rd period - Stopped by Vesa Toskala with a rebound.
18:02 of 3rd period - Shot by Rich Peverley.
18:02 of 3rd period - Shot Misses the Net.
18:04 of 3rd period - Shot by Brad Stuart.
18:04 of 3rd period - Stopped by Vesa Toskala without a rebound.
18:05 of 3rd period - Radim Vrbata wins face-off versus Ryan Potulny in Flyers zone.
18:32 of 3rd period - Radim Vrbata is hit by Anze Kopitar and loses puck.
19:00 of 3rd period - Flyers, Vesa Toskala is pulled from the net.
19:08 of 3rd period - Shot by Justin Williams.
19:08 of 3rd period - Shot Misses the Net.
19:12 of 3rd period - Shot by Tim Connolly.
19:12 of 3rd period - Stopped by Niklas Backstrom without a rebound.
19:13 of 3rd period - Tim Connolly wins face-off versus Ryan Potulny in Panthers zone.
19:18 of 3rd period - Shot by Chris Pronger.
19:18 of 3rd period - Shot Blocked by Brad Stuart.
19:55 of 3rd period - Icing by Stephane Robidas.
19:56 of 3rd period - Brendan Morrison wins face-off versus Ryan Potulny in Panthers zone.


Output by the SimonT Hockey Simulator (STHS) for Stephane Roy -- Original Page W3C XHTML 1.0 Valid